Connexion

Marlies vs Crunch

Created - 9 novembre 2023 at 05:51

Goals
1 2 3 T
Marlies 1 1 0 2
Crunch 0 1 0 1
Shots
1 2 3 T
Marlies 5 12 5 22
Crunch 13 12 6 31

GoalsPenalties
1st period
1. Marlies , Cal O'Reilly 20 (Tim Schaller 17, Yegor Rykov 4) at 3:40
Cal O'Reilly (TOR) for Holding Stick (Minor) at 1:10
Yegor Rykov (TOR) for Roughing (Minor) at 19:53
2nd period
2. Crunch , Jean-Gabriel Pageau 17 (Austin Strand 15, Mike Vecchione 12) at 5:22
3. Marlies , Cal O'Reilly 21 (Loui Eriksson 29, Tim Schaller 18) at 8:09
Calvin De Haan (TOR) for High sticking (Minor) at 12:10
Jean-Gabriel Pageau (SYR) for Goalie Interference (Minor) at 15:08
3rd period
No Goal
Axel Andersson (SYR) for Hooking (Minor) at 11:16
Loui Eriksson (TOR) for High sticking (Minor) at 11:16
Goalie Stats
Erik Kallgren (TOR), 30 saves from 31 shots - (0,968), W, 9-7-1, 60:00 minutes
Anthony Stolarz (SYR), 20 saves from 22 shots - (0,909), L, 20-15-1, 59:11 minutes
3 StarsOfficial
1 - Cal O'Reilly (TOR)
2 - Erik Kallgren (TOR)
3 - Tim Schaller (TOR)
Referees : Justin StPierre and Dennis LaRue
Linesman : Shane Heyer and Tony Sericolo
Game Note
No Game Note
Finance
Level 1 -- Attendance: 1972 (98,60%) -- Ticket Income 39 440 $
Level 2 -- Attendance: 948 (94,80%) -- Ticket Income 14 220 $
Total Attendance: 2920 (97,33%)
Total Ticket Income: 53 660 $
Other Income: 10 732 $
Total Income: 64 392 $



Team Name Goals Shots Shots Attemp Shots Blocked PIM HIT PP PK FO%
Marlies 22255108270 / 1 (0%)051%
Crunch 1316384220 / 3 (0%)049%

Marlies
Player Name POS G A P +/- PIM HIT SHT SB MP PP MP PP SHT PK MP PK SHT FO% FOT
Brad Malone C/LW0000071024:521:1803:30144% 25
Cal O'ReillyC2021225018:520:4121:03044% 16
Calle SjalinD0001011316:290:0000:5600% 0
Calvin De HaanD000-1220023:040:5701:5400% 0
Dominik SimonC/LW/RW0000022112:471:1812:25075% 4
Ian McCoshenD000-1010222:380:5703:0200% 0
Josh WesleyD0001000020:080:3602:1600% 0
Kristian VesalainenLW/RW0000003015:120:0001:2400% 1
Loui ErikssonLW/RW0111202218:010:4100:0000% 0
Mathias Brome LW0000001010:520:0000:0000% 0
Max McCormickC/LW0000003024:001:1823:3000% 0
Mitchell HeardC0000020010:520:0000:00050% 14
Skyler McKenzieLW000000001:510:0000:0000% 0
Tim McGauleyC000000004:030:0000:0000% 0
Tim SchallerC/LW/RW0221012117:510:4110:2500% 1
Tyler LewingtonD0001031019:511:0202:3200% 0
Victor EjdsellC0000001013:480:0000:00071% 14
Yegor RykovD0111260116:490:2600:5100% 0
Crunch
Player Name POS G A P +/- PIM HIT SHT SB MP PP MP PP SHT PK MP PK SHT FO% FOT
Aaron LuchukC000000205:030:0000:00050% 8
Austin StrandD0111000222:322:5901:1200% 0
Axel AnderssonD0000221120:152:4510:4700% 0
Blaine ByronC/LW0000014017:502:4500:22075% 4
Connor CorcoranD0000021020:592:4500:4700% 0
Garnet HathawayRW000000006:400:0001:37017% 6
Jaycob MegnaD0001023223:263:1201:1200% 0
Jean-Christophe BeaudinC/RW0000022018:022:4500:0000% 1
Jean-Gabriel PageauC1011226024:163:1210:00055% 20
Kody ClarkRW000-2001015:420:0000:0000% 1
Mason ShawC/LW0001014018:433:1230:20067% 3
Mike VecchioneC/RW0111020018:573:1200:0000% 0
Mikko KokkonenD000-2040116:300:1300:0000% 0
Nicolas Aube-KubelRW000000000:340:0000:0000% 0
Patrick HarperC/LW000-2003015:080:0000:00050% 16
Paul BittnerLW000-2030015:080:0000:0000% 1
Thomas TynanC0000004119:582:4501:39053% 15
Xavier BouchardD000-2010116:170:0000:0000% 0



Play-by-Play

1st period


0:01 of 1st period - Brad Malone wins face-off versus Jean-Gabriel Pageau in neutral zone.
0:12 of 1st period - Mike Vecchione is hit by Dominik Simon and loses puck.
0:19 of 1st period - Shot by Brad Malone .
0:19 of 1st period - Deflect By Dominik Simon.
0:19 of 1st period - Shot Blocked by Jaycob Megna.
0:35 of 1st period - Mike Vecchione is hit by Brad Malone and loses puck.
1:10 of 1st period - Minor Penalty to Cal O'Reilly for Holding Stick.
1:11 of 1st period - Blaine Byron wins face-off versus Brad Malone in Marlies zone.
1:24 of 1st period - Shot by Axel Andersson.
1:24 of 1st period - Stopped by Erik Kallgren without a rebound.
1:25 of 1st period - Dominik Simon wins face-off versus Jean-Christophe Beaudin in Marlies zone.
1:52 of 1st period - Shot by Josh Wesley.
1:52 of 1st period - Deflect By Brad Malone .
1:52 of 1st period - Stopped by Anthony Stolarz without a rebound.
1:53 of 1st period - Brad Malone wins face-off versus Jean-Gabriel Pageau in Crunch zone.
2:37 of 1st period - Dominik Simon is hit by Mike Vecchione and loses puck.
3:40 of 1st period - Shot by Cal O'Reilly.
3:40 of 1st period - Goal by Cal O'Reilly - Marlies : 1 - Crunch : 0.
3:41 of 1st period - Mitchell Heard wins face-off versus Aaron Luchuk in neutral zone.
3:49 of 1st period - Shot by Jaycob Megna.
3:49 of 1st period - Shot Misses the Net.
4:43 of 1st period - Shot by Jean-Christophe Beaudin.
4:43 of 1st period - Stopped by Erik Kallgren with a rebound.
4:45 of 1st period - Shot by Blaine Byron.
4:45 of 1st period - Stopped by Erik Kallgren with a rebound.
4:47 of 1st period - Shot by Blaine Byron.
4:47 of 1st period - Stopped by Erik Kallgren without a rebound.
4:48 of 1st period - Patrick Harper wins face-off versus Victor Ejdsell in Marlies zone.
4:49 of 1st period - Shot by Kody Clark.
4:49 of 1st period - Shot Blocked by Calle Sjalin.
4:52 of 1st period - Icing by Calle Sjalin.
4:53 of 1st period - Victor Ejdsell wins face-off versus Thomas Tynan in Marlies zone.
5:07 of 1st period - Icing by Axel Andersson.
5:08 of 1st period - Thomas Tynan wins face-off versus Cal O'Reilly in Crunch zone.
5:10 of 1st period - Icing by Connor Corcoran.
5:11 of 1st period - Victor Ejdsell wins face-off versus Thomas Tynan in Crunch zone.
5:11 of 1st period - Victor Ejdsell is hit by Connor Corcoran.
5:23 of 1st period - Thomas Tynan is hit by Brad Malone and loses puck.
5:43 of 1st period - Victor Ejdsell is hit by Connor Corcoran and loses puck.
5:51 of 1st period - Blaine Byron is hit by Tyler Lewington and loses puck.
6:13 of 1st period - Mike Vecchione is hit by Tyler Lewington.
6:31 of 1st period - Shot by Loui Eriksson.
6:31 of 1st period - Shot Misses the Net.
6:41 of 1st period - Shot by Loui Eriksson.
6:41 of 1st period - Shot Misses the Net.
6:43 of 1st period - Shot by Cal O'Reilly.
6:43 of 1st period - Stopped by Anthony Stolarz without a rebound.
6:44 of 1st period - Mitchell Heard wins face-off versus Patrick Harper in Crunch zone.
6:47 of 1st period - Shot by Mathias Brome .
6:47 of 1st period - Shot Misses the Net.
6:59 of 1st period - Shot by Patrick Harper.
6:59 of 1st period - Shot Blocked by Yegor Rykov.
7:03 of 1st period - Shot by Patrick Harper.
7:03 of 1st period - Stopped by Erik Kallgren with a rebound.
7:12 of 1st period - Icing by Calle Sjalin.
7:13 of 1st period - Thomas Tynan wins face-off versus Mitchell Heard in Marlies zone.
7:42 of 1st period - Tim Schaller is hit by Blaine Byron and loses puck.
8:01 of 1st period - Jean-Gabriel Pageau is hit by Cal O'Reilly and loses puck.
8:14 of 1st period - Shot by Loui Eriksson.
8:14 of 1st period - Stopped by Anthony Stolarz without a rebound.
8:15 of 1st period - Patrick Harper wins face-off versus Brad Malone in Crunch zone.
8:15 of 1st period - Patrick Harper is hit by Brad Malone .
8:32 of 1st period - Shot by Patrick Harper.
8:32 of 1st period - Stopped by Erik Kallgren with a rebound.
9:53 of 1st period - Jaycob Megna is hit by Mitchell Heard and loses puck.
10:23 of 1st period - Icing by Thomas Tynan.
10:24 of 1st period - Blaine Byron wins face-off versus Cal O'Reilly in Crunch zone.
11:15 of 1st period - Icing by Tyler Lewington.
11:16 of 1st period - Victor Ejdsell wins face-off versus Aaron Luchuk in Marlies zone.
11:31 of 1st period - Shot by Aaron Luchuk.
11:31 of 1st period - Stopped by Erik Kallgren without a rebound.
11:32 of 1st period - Patrick Harper wins face-off versus Brad Malone in Marlies zone.
12:38 of 1st period - Shot by Mason Shaw.
12:38 of 1st period - Shot Misses the Net.
13:11 of 1st period - Thomas Tynan is hit by Calle Sjalin and loses puck.
13:14 of 1st period - Shot by Thomas Tynan.
13:14 of 1st period - Shot Misses the Net.
13:16 of 1st period - Shot by Connor Corcoran.
13:16 of 1st period - Shot Misses the Net.
13:18 of 1st period - Shot by Jean-Christophe Beaudin.
13:18 of 1st period - Shot Blocked by Dominik Simon.
13:20 of 1st period - Shot by Jean-Christophe Beaudin.
13:20 of 1st period - Shot Misses the Net.
13:22 of 1st period - Shot by Thomas Tynan.
13:22 of 1st period - Stopped by Erik Kallgren without a rebound.
13:23 of 1st period - Cal O'Reilly wins face-off versus Garnet Hathaway in Marlies zone.
13:55 of 1st period - Shot by Cal O'Reilly.
13:55 of 1st period - Shot Misses the Net.
14:34 of 1st period - Tim McGauley is hit by Mikko Kokkonen and loses puck.
15:25 of 1st period - Icing by Patrick Harper.
15:26 of 1st period - Patrick Harper wins face-off versus Victor Ejdsell in Crunch zone.
16:18 of 1st period - Icing by Victor Ejdsell.
16:19 of 1st period - Thomas Tynan wins face-off versus Victor Ejdsell in Marlies zone.
16:19 of 1st period - Axel Andersson is hit by Calvin De Haan and loses puck.
16:31 of 1st period - Off-side.
16:32 of 1st period - Cal O'Reilly wins face-off versus Jean-Gabriel Pageau in neutral zone.
16:36 of 1st period - Off-side.
16:37 of 1st period - Brad Malone wins face-off versus Thomas Tynan in neutral zone.
16:39 of 1st period - Max McCormick is hit by Jaycob Megna and loses puck.
17:06 of 1st period - Shot by Blaine Byron.
17:06 of 1st period - Stopped by Erik Kallgren with a rebound.
17:14 of 1st period - Shot by Jean-Christophe Beaudin.
17:14 of 1st period - Stopped by Erik Kallgren with a rebound.
17:25 of 1st period - Icing by Tyler Lewington.
17:26 of 1st period - Brad Malone wins face-off versus Jean-Gabriel Pageau in Marlies zone.
17:26 of 1st period - Brad Malone is hit by Jean-Gabriel Pageau.
17:42 of 1st period - Connor Corcoran is hit by Cal O'Reilly and loses puck.
17:52 of 1st period - Jean-Gabriel Pageau is hit by Yegor Rykov.
17:58 of 1st period - Loui Eriksson is hit by Mason Shaw and loses puck.
18:09 of 1st period - Shot by Tim Schaller.
18:09 of 1st period - Stopped by Anthony Stolarz without a rebound.
18:10 of 1st period - Mitchell Heard wins face-off versus Patrick Harper in Crunch zone.
18:16 of 1st period - Icing by Xavier Bouchard.
18:17 of 1st period - Brad Malone wins face-off versus Patrick Harper in Crunch zone.
18:30 of 1st period - Ian McCoshen is hit by Paul Bittner and loses puck.
18:41 of 1st period - Shot by Kody Clark.
18:41 of 1st period - Shot Blocked by Ian McCoshen.
18:53 of 1st period - Shot by Kody Clark.
18:53 of 1st period - Deflect By Patrick Harper.
18:53 of 1st period - Stopped by Erik Kallgren without a rebound.
18:54 of 1st period - Cal O'Reilly wins face-off versus Jean-Gabriel Pageau in Marlies zone.
19:09 of 1st period - Shot by Jean-Gabriel Pageau.
19:09 of 1st period - Stopped by Erik Kallgren with a rebound.
19:11 of 1st period - Shot by Mason Shaw.
19:11 of 1st period - Shot Misses the Net.
19:13 of 1st period - Shot by Jaycob Megna.
19:13 of 1st period - Stopped by Erik Kallgren without a rebound.
19:14 of 1st period - Mitchell Heard wins face-off versus Thomas Tynan in Marlies zone.
19:19 of 1st period - Connor Corcoran is hit by Mitchell Heard and loses puck.
19:27 of 1st period - Blaine Byron is hit by Yegor Rykov and loses puck.
19:33 of 1st period - Jean-Christophe Beaudin is hit by Yegor Rykov and loses puck.
19:53 of 1st period - Minor Penalty to Yegor Rykov for Roughing.
19:54 of 1st period - Jean-Gabriel Pageau wins face-off versus Brad Malone in Marlies zone.
Goals for this period are 1 for Marlies vs 0 for Crunch.
Shots for this period are 5 for Marlies vs 13 for Crunch.

2nd period


0:01 of 2nd period - Brad Malone wins face-off versus Jean-Gabriel Pageau in neutral zone.
0:30 of 2nd period - Shot by Mason Shaw.
0:30 of 2nd period - Stopped by Erik Kallgren without a rebound.
0:31 of 2nd period - Thomas Tynan wins face-off versus Brad Malone in Marlies zone.
0:32 of 2nd period - Shot by Axel Andersson.
0:32 of 2nd period - Shot Misses the Net.
1:22 of 2nd period - Shot by Jean-Gabriel Pageau.
1:22 of 2nd period - Stopped by Erik Kallgren without a rebound.
1:23 of 2nd period - Jean-Gabriel Pageau wins face-off versus Dominik Simon in Marlies zone.
1:50 of 2nd period - Shot by Mason Shaw.
1:50 of 2nd period - Stopped by Erik Kallgren without a rebound.
1:51 of 2nd period - Thomas Tynan wins face-off versus Kristian Vesalainen in Marlies zone.
1:56 of 2nd period - Shot by Paul Bittner.
1:56 of 2nd period - Shot Misses the Net.
2:10 of 2nd period - Shot by Patrick Harper.
2:10 of 2nd period - Shot Blocked by Loui Eriksson.
2:18 of 2nd period - Shot by Loui Eriksson.
2:18 of 2nd period - Shot Misses the Net.
2:26 of 2nd period - Shot by Patrick Harper.
2:26 of 2nd period - Deflect By Paul Bittner.
2:26 of 2nd period - Shot Blocked by Loui Eriksson.
2:28 of 2nd period - Shot by Kody Clark.
2:28 of 2nd period - Shot Blocked by Calle Sjalin.
2:30 of 2nd period - Shot by Kody Clark.
2:30 of 2nd period - Shot Blocked by Calle Sjalin.
2:32 of 2nd period - Shot by Paul Bittner.
2:32 of 2nd period - Shot Misses the Net.
2:50 of 2nd period - Shot by Victor Ejdsell.
2:50 of 2nd period - Shot Misses the Net.
2:52 of 2nd period - Shot by Tyler Lewington.
2:52 of 2nd period - Shot Blocked by Thomas Tynan.
2:54 of 2nd period - Shot by Kristian Vesalainen.
2:54 of 2nd period - Shot Misses the Net.
3:45 of 2nd period - Shot by Jean-Gabriel Pageau.
3:45 of 2nd period - Stopped by Erik Kallgren without a rebound.
3:46 of 2nd period - Aaron Luchuk wins face-off versus Mitchell Heard in Marlies zone.
3:58 of 2nd period - Off-side.
3:59 of 2nd period - Jean-Gabriel Pageau wins face-off versus Cal O'Reilly in neutral zone.
4:12 of 2nd period - Yegor Rykov is hit by Jean-Gabriel Pageau.
4:17 of 2nd period - Tim Schaller is hit by Xavier Bouchard and loses puck.
4:36 of 2nd period - Shot by Mason Shaw.
4:36 of 2nd period - Deflect By Jean-Gabriel Pageau.
4:36 of 2nd period - Stopped by Erik Kallgren without a rebound.
4:37 of 2nd period - Dominik Simon wins face-off versus Patrick Harper in Marlies zone.
4:39 of 2nd period - Icing by Brad Malone .
4:40 of 2nd period - Thomas Tynan wins face-off versus Brad Malone in Marlies zone.
4:45 of 2nd period - Shot by Blaine Byron.
4:45 of 2nd period - Shot Misses the Net.
4:47 of 2nd period - Shot by Thomas Tynan.
4:47 of 2nd period - Stopped by Erik Kallgren with a rebound.
4:55 of 2nd period - Shot by Blaine Byron.
4:55 of 2nd period - Stopped by Erik Kallgren without a rebound.
4:56 of 2nd period - Victor Ejdsell wins face-off versus Aaron Luchuk in Marlies zone.
5:04 of 2nd period - Icing by Axel Andersson.
5:05 of 2nd period - Aaron Luchuk wins face-off versus Brad Malone in Crunch zone.
5:12 of 2nd period - Shot by Max McCormick.
5:12 of 2nd period - Deflect By Dominik Simon.
5:12 of 2nd period - Stopped by Anthony Stolarz without a rebound.
5:13 of 2nd period - Mason Shaw wins face-off versus Cal O'Reilly in Crunch zone.
5:18 of 2nd period - Shot by Mike Vecchione.
5:18 of 2nd period - Shot Misses the Net.
5:20 of 2nd period - Shot by Austin Strand.
5:20 of 2nd period - Shot Blocked by Ian McCoshen.
5:22 of 2nd period - Shot by Jean-Gabriel Pageau.
5:22 of 2nd period - Goal by Jean-Gabriel Pageau - Marlies : 1 - Crunch : 1.
5:23 of 2nd period - Jean-Gabriel Pageau wins face-off versus Brad Malone in neutral zone.
5:29 of 2nd period - Mason Shaw is hit by Calvin De Haan.
5:39 of 2nd period - Shot by Jean-Gabriel Pageau.
5:39 of 2nd period - Stopped by Erik Kallgren with a rebound.
6:43 of 2nd period - Icing by Mason Shaw.
6:44 of 2nd period - Mason Shaw wins face-off versus Victor Ejdsell in Crunch zone.
7:42 of 2nd period - Jean-Christophe Beaudin is hit by Ian McCoshen and loses puck.
7:51 of 2nd period - Shot by Mitchell Heard.
7:51 of 2nd period - Deflect By Mathias Brome .
7:51 of 2nd period - Stopped by Anthony Stolarz without a rebound.
7:52 of 2nd period - Patrick Harper wins face-off versus Tim Schaller in Crunch zone.
7:52 of 2nd period - Patrick Harper is hit by Tim Schaller.
8:09 of 2nd period - Shot by Cal O'Reilly.
8:09 of 2nd period - Goal by Cal O'Reilly - Marlies : 2 - Crunch : 1.
8:10 of 2nd period - Aaron Luchuk wins face-off versus Mitchell Heard in neutral zone.
8:19 of 2nd period - Shot by Jean-Gabriel Pageau.
8:19 of 2nd period - Shot Misses the Net.
8:33 of 2nd period - Shot by Mitchell Heard.
8:33 of 2nd period - Shot Misses the Net.
8:37 of 2nd period - Shot by Max McCormick.
8:37 of 2nd period - Stopped by Anthony Stolarz without a rebound.
8:38 of 2nd period - Cal O'Reilly wins face-off versus Patrick Harper in Crunch zone.
8:41 of 2nd period - Shot by Loui Eriksson.
8:41 of 2nd period - Shot Blocked by Axel Andersson.
9:16 of 2nd period - Shot by Kody Clark.
9:16 of 2nd period - Stopped by Erik Kallgren with a rebound.
10:52 of 2nd period - Shot by Kristian Vesalainen.
10:52 of 2nd period - Stopped by Anthony Stolarz without a rebound.
10:53 of 2nd period - Patrick Harper wins face-off versus Cal O'Reilly in Crunch zone.
11:06 of 2nd period - Shot by Patrick Harper.
11:06 of 2nd period - Shot Misses the Net.
12:09 of 2nd period - Shot by Jean-Christophe Beaudin.
12:09 of 2nd period - Shot Misses the Net.
12:10 of 2nd period - Minor Penalty to Calvin De Haan for High sticking.
12:11 of 2nd period - Jean-Gabriel Pageau wins face-off versus Brad Malone in Marlies zone.
12:12 of 2nd period - Shot by Mason Shaw.
12:12 of 2nd period - Stopped by Erik Kallgren without a rebound.
12:13 of 2nd period - Brad Malone wins face-off versus Jean-Gabriel Pageau in Marlies zone.
12:24 of 2nd period - Shot by Mason Shaw.
12:24 of 2nd period - Shot Misses the Net.
14:04 of 2nd period - Shot by Mason Shaw.
14:04 of 2nd period - Shot Misses the Net.
14:18 of 2nd period - Tim McGauley is hit by Paul Bittner.
14:19 of 2nd period - Icing by Tim McGauley.
14:20 of 2nd period - Victor Ejdsell wins face-off versus Patrick Harper in Marlies zone.
14:55 of 2nd period - Shot by Patrick Harper.
14:55 of 2nd period - Shot Misses the Net.
15:08 of 2nd period - Minor Penalty to Jean-Gabriel Pageau for Goalie Interference.
15:09 of 2nd period - Dominik Simon wins face-off versus Garnet Hathaway in Crunch zone.
15:18 of 2nd period - Shot by Max McCormick.
15:18 of 2nd period - Stopped by Anthony Stolarz without a rebound.
15:19 of 2nd period - Cal O'Reilly wins face-off versus Garnet Hathaway in Crunch zone.
15:28 of 2nd period - Shot by Cal O'Reilly.
15:28 of 2nd period - Stopped by Anthony Stolarz without a rebound.
15:29 of 2nd period - Brad Malone wins face-off versus Garnet Hathaway in Crunch zone.
15:57 of 2nd period - Shot by Ian McCoshen.
15:57 of 2nd period - Shot Misses the Net.
15:59 of 2nd period - Shot by Brad Malone .
15:59 of 2nd period - Shot Misses the Net.
16:01 of 2nd period - Shot by Calvin De Haan.
16:01 of 2nd period - Shot Misses the Net.
16:25 of 2nd period - Shot by Tyler Lewington.
16:25 of 2nd period - Shot Misses the Net.
16:27 of 2nd period - Shot by Yegor Rykov.
16:27 of 2nd period - Shot Hit the Post.
16:29 of 2nd period - Shot by Tyler Lewington.
16:29 of 2nd period - Shot Misses the Net.
16:31 of 2nd period - Shot by Cal O'Reilly.
16:31 of 2nd period - Stopped by Anthony Stolarz without a rebound.
16:32 of 2nd period - Brad Malone wins face-off versus Blaine Byron in Crunch zone.
16:33 of 2nd period - Shot by Tyler Lewington.
16:33 of 2nd period - Deflect By Max McCormick.
16:33 of 2nd period - Stopped by Anthony Stolarz without a rebound.
16:34 of 2nd period - Cal O'Reilly wins face-off versus Garnet Hathaway in Crunch zone.
16:38 of 2nd period - Shot by Tim Schaller.
16:38 of 2nd period - Stopped by Anthony Stolarz without a rebound.
16:39 of 2nd period - Garnet Hathaway wins face-off versus Brad Malone in Crunch zone.
16:39 of 2nd period - Garnet Hathaway is hit by Brad Malone .
17:01 of 2nd period - Shot by Tyler Lewington.
17:01 of 2nd period - Deflect By Brad Malone .
17:01 of 2nd period - Shot Misses the Net.
17:03 of 2nd period - Shot by Josh Wesley.
17:03 of 2nd period - Shot Blocked by Jaycob Megna.
17:05 of 2nd period - Shot by Brad Malone .
17:05 of 2nd period - Deflect By Max McCormick.
17:05 of 2nd period - Shot Misses the Net.
17:07 of 2nd period - Shot by Dominik Simon.
17:07 of 2nd period - Stopped by Anthony Stolarz with a rebound.
17:20 of 2nd period - Mike Vecchione is hit by Yegor Rykov and loses puck.
18:17 of 2nd period - Shot by Victor Ejdsell.
18:17 of 2nd period - Shot Blocked by Xavier Bouchard.
18:22 of 2nd period - Icing by Patrick Harper.
18:23 of 2nd period - Mitchell Heard wins face-off versus Kody Clark in Crunch zone.
18:46 of 2nd period - Shot by Max McCormick.
18:46 of 2nd period - Shot Misses the Net.
18:54 of 2nd period - Shot by Mathias Brome .
18:54 of 2nd period - Deflect By Max McCormick.
18:54 of 2nd period - Shot Blocked by Mikko Kokkonen.
19:36 of 2nd period - Shot by Victor Ejdsell.
19:36 of 2nd period - Stopped by Anthony Stolarz without a rebound.
19:37 of 2nd period - Jean-Gabriel Pageau wins face-off versus Cal O'Reilly in Crunch zone.
19:50 of 2nd period - Shot by Jean-Gabriel Pageau.
19:50 of 2nd period - Shot Misses the Net.
19:52 of 2nd period - Shot by Austin Strand.
19:52 of 2nd period - Shot Misses the Net.
19:54 of 2nd period - Shot by Jaycob Megna.
19:54 of 2nd period - Stopped by Erik Kallgren without a rebound.
19:55 of 2nd period - Thomas Tynan wins face-off versus Brad Malone in Marlies zone.
Goals for this period are 1 for Marlies vs 1 for Crunch.
Shots for this period are 12 for Marlies vs 12 for Crunch.

3rd period


0:01 of 3rd period - Jean-Gabriel Pageau wins face-off versus Brad Malone in neutral zone.
0:34 of 3rd period - Shot by Brad Malone .
0:34 of 3rd period - Shot Blocked by Austin Strand.
1:07 of 3rd period - Shot by Tyler Lewington.
1:07 of 3rd period - Stopped by Anthony Stolarz without a rebound.
1:08 of 3rd period - Victor Ejdsell wins face-off versus Thomas Tynan in Crunch zone.
1:09 of 3rd period - Shot by Kristian Vesalainen.
1:09 of 3rd period - Shot Misses the Net.
1:17 of 3rd period - Shot by Thomas Tynan.
1:17 of 3rd period - Stopped by Erik Kallgren without a rebound.
1:18 of 3rd period - Patrick Harper wins face-off versus Cal O'Reilly in Marlies zone.
1:22 of 3rd period - Patrick Harper is hit by Tyler Lewington.
1:36 of 3rd period - Shot by Patrick Harper.
1:36 of 3rd period - Shot Misses the Net.
2:26 of 3rd period - Icing by Ian McCoshen.
2:27 of 3rd period - Aaron Luchuk wins face-off versus Mitchell Heard in Marlies zone.
2:30 of 3rd period - Shot by Jean-Gabriel Pageau.
2:30 of 3rd period - Shot Misses the Net.
2:32 of 3rd period - Shot by Jaycob Megna.
2:32 of 3rd period - Stopped by Erik Kallgren without a rebound.
2:33 of 3rd period - Victor Ejdsell wins face-off versus Mason Shaw in Marlies zone.
2:33 of 3rd period - Victor Ejdsell is hit by Mike Vecchione.
2:58 of 3rd period - Shot by Kristian Vesalainen.
2:58 of 3rd period - Stopped by Anthony Stolarz with a rebound.
3:37 of 3rd period - Icing by Thomas Tynan.
3:38 of 3rd period - Thomas Tynan wins face-off versus Cal O'Reilly in Crunch zone.
3:42 of 3rd period - Calvin De Haan is hit by Jean-Christophe Beaudin and loses puck.
3:59 of 3rd period - Tim Schaller is hit by Mikko Kokkonen and loses puck.
4:26 of 3rd period - Shot by Patrick Harper.
4:26 of 3rd period - Shot Misses the Net.
5:39 of 3rd period - Shot by Brad Malone .
5:39 of 3rd period - Deflect By Max McCormick.
5:39 of 3rd period - Shot Misses the Net.
6:49 of 3rd period - Tim McGauley is hit by Mikko Kokkonen and loses puck.
6:55 of 3rd period - Mitchell Heard is hit by Mikko Kokkonen and loses puck.
7:38 of 3rd period - Off-side.
7:39 of 3rd period - Mitchell Heard wins face-off versus Patrick Harper in neutral zone.
8:15 of 3rd period - Connor Corcoran is hit by Yegor Rykov and loses puck.
8:27 of 3rd period - Icing by Connor Corcoran.
8:28 of 3rd period - Brad Malone wins face-off versus Paul Bittner in Crunch zone.
8:33 of 3rd period - Shot by Kristian Vesalainen.
8:33 of 3rd period - Shot Misses the Net.
8:51 of 3rd period - Shot by Kristian Vesalainen.
8:51 of 3rd period - Stopped by Anthony Stolarz without a rebound.
8:52 of 3rd period - Cal O'Reilly wins face-off versus Jean-Gabriel Pageau in Crunch zone.
9:05 of 3rd period - Shot by Loui Eriksson.
9:05 of 3rd period - Shot Misses the Net.
9:07 of 3rd period - Shot by Loui Eriksson.
9:07 of 3rd period - Stopped by Anthony Stolarz without a rebound.
9:08 of 3rd period - Victor Ejdsell wins face-off versus Thomas Tynan in Crunch zone.
9:28 of 3rd period - Jean-Christophe Beaudin is hit by Brad Malone .
11:16 of 3rd period - Minor Penalty to Axel Andersson for Hooking.
11:16 of 3rd period - Minor Penalty to Loui Eriksson for High sticking.
11:17 of 3rd period - Brad Malone wins face-off versus Jean-Gabriel Pageau in Crunch zone.
11:19 of 3rd period - Max McCormick is hit by Jaycob Megna and loses puck.
11:28 of 3rd period - Shot by Brad Malone .
11:28 of 3rd period - Deflect By Max McCormick.
11:28 of 3rd period - Shot Misses the Net.
12:04 of 3rd period - Tim McGauley is hit by Jean-Christophe Beaudin and loses puck.
12:52 of 3rd period - Shot by Dominik Simon.
12:52 of 3rd period - Shot Misses the Net.
12:57 of 3rd period - Nicolas Aube-Kubel is hit by Dominik Simon and loses puck.
13:06 of 3rd period - Shot by Connor Corcoran.
13:06 of 3rd period - Stopped by Erik Kallgren without a rebound.
13:07 of 3rd period - Jean-Gabriel Pageau wins face-off versus Brad Malone in Marlies zone.
13:58 of 3rd period - Shot by Aaron Luchuk.
13:58 of 3rd period - Stopped by Erik Kallgren without a rebound.
13:59 of 3rd period - Blaine Byron wins face-off versus Cal O'Reilly in Marlies zone.
14:18 of 3rd period - Shot by Jean-Christophe Beaudin.
14:18 of 3rd period - Shot Blocked by Tim Schaller.
14:30 of 3rd period - Shot by Loui Eriksson.
14:30 of 3rd period - Shot Misses the Net.
14:32 of 3rd period - Shot by Calle Sjalin.
14:32 of 3rd period - Stopped by Anthony Stolarz without a rebound.
14:33 of 3rd period - Jean-Gabriel Pageau wins face-off versus Mitchell Heard in Crunch zone.
14:37 of 3rd period - Off-side.
14:38 of 3rd period - Jean-Gabriel Pageau wins face-off versus Mitchell Heard in neutral zone.
14:46 of 3rd period - Off-side.
14:47 of 3rd period - Jean-Gabriel Pageau wins face-off versus Mitchell Heard in neutral zone.
16:17 of 3rd period - Shot by Thomas Tynan.
16:17 of 3rd period - Stopped by Erik Kallgren without a rebound.
16:18 of 3rd period - Victor Ejdsell wins face-off versus Patrick Harper in Marlies zone.
16:18 of 3rd period - Victor Ejdsell is hit by Paul Bittner.
16:47 of 3rd period - Icing by Calle Sjalin.
16:48 of 3rd period - Victor Ejdsell wins face-off versus Thomas Tynan in Marlies zone.
16:53 of 3rd period - Shot by Brad Malone .
16:53 of 3rd period - Shot Blocked by Austin Strand.
16:58 of 3rd period - Blaine Byron is hit by Brad Malone and loses puck.
17:25 of 3rd period - Blaine Byron is hit by Yegor Rykov and loses puck.
17:37 of 3rd period - Victor Ejdsell is hit by Axel Andersson and loses puck.
18:23 of 3rd period - Shot by Tim Schaller.
18:23 of 3rd period - Shot Misses the Net.
18:30 of 3rd period - Icing by Axel Andersson.
18:31 of 3rd period - Mitchell Heard wins face-off versus Aaron Luchuk in Crunch zone.
18:33 of 3rd period - Mathias Brome is hit by Axel Andersson and loses puck.
19:00 of 3rd period - Crunch, Anthony Stolarz is pulled from the net.
19:17 of 3rd period - Icing by Patrick Harper.
19:18 of 3rd period - Anthony Stolarz from Crunch was sent back in the game.
19:18 of 3rd period - Patrick Harper wins face-off versus Brad Malone in Crunch zone.
19:29 of 3rd period - Crunch, Anthony Stolarz is pulled from the net.
19:53 of 3rd period - Shot by Mason Shaw.
19:53 of 3rd period - Stopped by Erik Kallgren with a rebound.
19:59 of 3rd period - Jaycob Megna is hit by Brad Malone and loses puck.
Goals for this period are 0 for Marlies vs 0 for Crunch.
Shots for this period are 5 for Marlies vs 6 for Crunch.